[Event "7th Summer Cup 2024"]
[Site "Rhodes"]
[Date "2024.06.23"]
[Round "2.1"]
[White "Nasuta, Grzegorz"]
[Black "Gelle, Istvan"]
[Result "1-0"]
[ECO "B12"]
[WhiteElo "2541"]
[BlackElo "2163"]
[Annotator "TA"]
[PlyCount "49"]
[EventDate "2024.06.22"]
[EventType "swiss"]
[EventCountry "GRE"]
[SourceTitle "playchess.com"]
[Source "ChessBase"]
[SourceQuality "1"]
[TimeControl "15/5400+30:1800+30"]

1. e4 c6 2. d4 d5 3. e5 Bf5 4. Nf3 e6 5. Be2 Nd7 6. O-O Ne7 7. Nbd2 h6 8. Nb3 a6 9. Bd2 Bh7 {[%emt 0:04:55] White has an edge.} 10. a4 Nf5 11. a5 Be7 12. c4 dxc4 13. Bxc4 O-O 14. Qe2 g5 (14... c5 $11 {keeps the balance.}) 15. g4 $16 Ng7 {[%emt 0:02:12] [#]} 16. h4 $1 $36 {[%emt 0:30:05][%mdl 2560] White is on the roll. White is more active.} b5 17. Bd3 ({White should play} 17. axb6 {Threatens to win with b7.} Nxb6 18. Bd3 (18. Rxa6 Nxc4 19. Rxa8 Qxa8 $11) (18. Bxa6 Qd5 $14)) 17... Bxd3 18. Qxd3 gxh4 (18... c5 $16 {is a better defense.}) 19. Bxh6 $18 c5 {[%emt 0:04:29] ...c4 would now be deadly.} 20. dxc5 Rc8 {[%emt 0:05:24] Black is weak on the dark squares} (20... Nxc5 $142 21. Nxc5 Bxc5) 21. Rfd1 Nxc5 22. Qe3 Qe8 23. Bg5 {[%emt 0:06:42] Hoping for Bf6.} Nxb3 $2 {[%emt 0:00:50] [#]} (23... Nd7 24. Bxe7 (24. Nxh4 Rc4 $14) (24. Bxh4 Bxh4 25. Nxh4 f6 $16) 24... Qxe7) 24. Bf6 $1 Rc5 {[%emt 0:06:47] [#]} (24... Bxf6 25. exf6) 25. Qh6 $1 {[%emt 0:00:28] Weighted Error Value: White=0.11 (very precise) /Black=0.71.  Mistake:       	White=1     	Black=4      Inaccurate:     	White=1     	Black=2      OK:         	White=7     	Black=4      Best:        	---       	Black=1      Strong:       	White=1     	---        Brilliant:      	White=1     	---} 1-0

[Event "7th Summer Cup 2024"]
[Site "Rhodes"]
[Date "2024.06.23"]
[Round "2.2"]
[White "Ballas, Athanasios-panagioti"]
[Black "Budisavljevic, Luka"]
[Result "1/2-1/2"]
[ECO "B41"]
[WhiteElo "2151"]
[BlackElo "2468"]
[Annotator "TA"]
[PlyCount "44"]
[EventDate "2024.06.22"]
[EventType "swiss"]
[EventCountry "GRE"]
[SourceTitle "playchess.com"]
[Source "ChessBase"]
[SourceQuality "1"]
[TimeControl "15/5400+30:1800+30"]

1. e4 c5 2. Nf3 e6 3. d4 cxd4 4. Nxd4 a6 5. c4 Nf6 6. Nc3 Qc7 7. a3 b6 8. Be3 Bb7 9. f3 Be7 10. Be2 O-O {[%emt 0:00:08] White is slightly better.} 11. O-O d6 12. Qd2 Nbd7 13. Rac1 Rac8 14. b4 Qb8 15. Rc2 Rfe8 16. Rfc1 Bd8 17. Bf1 Bc7 18. Kh1 $36 {[%emt 0:04:07][%mdl 2048] White has good play.} Ne5 19. Na4 d5 {[%emt 0:09:23] [#]} (19... Bd8 $14) 20. exd5 $1 $16 exd5 {[%emt 0:01:29] Threatens to win with ...Nxc4.} 21. c5 bxc5 22. Nxc5 Nc4 {[%emt 0:14:20] Weighted Error Value: White=0.03 (flawless) /Black=0.08 (flawless) .  Mistake:       	---       	Black=1      Inaccurate:     	---       	Black=1      OK:         	White=3     	Black=6      Best:        	---       	Black=2      Strong:       	White=1     	---} 1/2-1/2

[Event "7th Summer Cup 2024"]
[Site "Rhodes"]
[Date "2024.06.23"]
[Round "2.3"]
[White "Sibashvili, Giorgi"]
[Black "Seres, Bela"]
[Result "1-0"]
[ECO "E07"]
[WhiteElo "2423"]
[BlackElo "2126"]
[Annotator "RC"]
[PlyCount "85"]
[EventDate "2024.06.22"]
[EventType "swiss"]
[EventCountry "GRE"]
[SourceTitle "playchess.com"]
[Source "ChessBase"]
[SourceQuality "1"]
[TimeControl "15/5400+30:1800+30"]

1. c4 e6 2. g3 d5 3. Bg2 Nf6 4. Nf3 Be7 5. O-O O-O 6. b3 Nbd7 7. Nc3 c6 8. d4 b6 9. Nd2 Bb7 10. e4 Nxe4 11. Ndxe4 dxe4 12. Nxe4 Nf6 13. Be3 Qd7 14. Qc2 Nxe4 15. Bxe4 f5 16. Bg2 c5 17. Bxb7 Qxb7 18. dxc5 Bxc5 19. Bxc5 bxc5 20. Rfe1 Rf6 21. Rad1 h5 22. h4 a5 23. Re5 Qf7 24. f4 Qe7 25. Qe2 a4 26. Qxh5 axb3 27. axb3 Qb7 28. Re3 Ra2 29. Qf3 Qa6 30. Red3 Ra1 31. Rxa1 Qxa1+ 32. Kg2 Rf8 33. Qe3 Qf6 34. Qxc5 Ra8 35. Rd2 Qc3 36. Qd6 Qe3 37. Qd3 Qc5 38. Qe2 Qb6 39. Rd3 Ra1 40. Rd1 Ra3 41. b4 Re3 42. Rd8+ Kf7 43. Qh5+ 1-0

[Event "7th Summer Cup 2024"]
[Site "Rhodes"]
[Date "2024.06.23"]
[Round "2.4"]
[White "Hofstadler, Mario"]
[Black "Stefanova, Antoaneta"]
[Result "0-1"]
[ECO "D73"]
[WhiteElo "2103"]
[BlackElo "2417"]
[Annotator "RC"]
[PlyCount "52"]
[EventDate "2024.06.22"]
[EventType "swiss"]
[EventCountry "GRE"]
[SourceTitle "playchess.com"]
[Source "ChessBase"]
[SourceQuality "1"]
[TimeControl "15/5400+30:1800+30"]

1. d4 Nf6 2. c4 g6 3. Nf3 Bg7 4. g3 c6 5. Bg2 d5 6. Qb3 a5 7. cxd5 a4 8. Qd1 cxd5 9. Nc3 Qa5 10. Bd2 Qa6 11. O-O Nc6 12. Rc1 O-O 13. Re1 Rd8 14. Bf1 Bg4 15. h3 Bxf3 16. exf3 Qa7 17. Nb5 Qb6 18. Bf4 Ne8 19. Be5 Bh6 20. Rc2 f6 21. Bf4 Bxf4 22. gxf4 Ng7 23. Kg2 Ra5 24. Qe2 Re8 25. a3 Nh5 26. Qe6+ Kf8 0-1

[Event "7th Summer Cup 2024"]
[Site "Rhodes"]
[Date "2024.06.23"]
[Round "2.5"]
[White "Kotronias, Vasilios"]
[Black "Rigopoulos-Tsigkos, Alexandros"]
[Result "1-0"]
[ECO "B42"]
[WhiteElo "2415"]
[BlackElo "2039"]
[Annotator "RC"]
[PlyCount "139"]
[EventDate "2024.06.22"]
[EventType "swiss"]
[EventCountry "GRE"]
[SourceTitle "playchess.com"]
[Source "ChessBase"]
[SourceQuality "1"]
[TimeControl "15/5400+30:1800+30"]

1. e4 c5 2. Nf3 e6 3. d4 cxd4 4. Nxd4 a6 5. Bd3 Bc5 6. Nb3 Be7 7. Qg4 Bf6 8. O-O d6 9. Nc3 Nc6 10. Qh5 g6 11. Qe2 Bg7 12. Be3 Nge7 13. Qd2 O-O 14. Bh6 d5 15. Bxg7 Kxg7 16. exd5 Nxd5 17. Be4 Nxc3 18. Qxc3+ Qf6 19. Qxf6+ Kxf6 20. Rfd1 Ke7 21. f4 Rd8 22. Bxc6 bxc6 23. c4 Rb8 24. Rxd8 Kxd8 25. Rd1+ Kc7 26. Rd2 Rb4 27. Rc2 a5 28. Nc5 Kd6 29. Nd3 Rb7 30. Kf2 f6 31. Rd2 Ke7 32. Nc5 Ra7 33. b3 Ra8 34. Ke3 Ra7 35. g4 Ba6 36. a4 Bc8 37. g5 e5 38. gxf6+ Kxf6 39. Ne4+ Ke7 40. fxe5 Bf5 41. Nc5 h5 42. h4 Ra8 43. Rd6 Rc8 44. Rf6 Bc2 45. Re6+ Kf7 46. Rf6+ Ke7 47. Kd2 Bf5 48. Kc3 Rf8 49. Rxc6 g5 50. hxg5 h4 51. Rh6 h3 52. g6 Rg8 53. Rh7+ Ke8 54. Nb7 Be6 55. Rh6 Kf8 56. Nc5 Kg7 57. Rh4 Bf5 58. Ne4 Bxe4 59. Rxe4 h2 60. Re1 Rh8 61. Rh1 Kxg6 62. Kd4 Kf5 63. Kd5 Rd8+ 64. Kc5 Rd2 65. Kb5 Kxe5 66. Kxa5 Kd4 67. Kb4 Kd3 68. a5 Ke3 69. a6 Ra2 70. a7 1-0

[Event "7th Summer Cup 2024"]
[Site "Rhodes"]
[Date "2024.06.23"]
[Round "2.6"]
[White "Van de Lagemaat, Arend"]
[Black "Papasimakopoulos, Alexandros"]
[Result "0-1"]
[ECO "A47"]
[WhiteElo "2030"]
[BlackElo "2375"]
[Annotator "RC"]
[PlyCount "114"]
[EventDate "2024.06.22"]
[EventType "swiss"]
[EventCountry "GRE"]
[SourceTitle "playchess.com"]
[Source "ChessBase"]
[SourceQuality "1"]
[TimeControl "15/5400+30:1800+30"]

1. d4 Nf6 2. Nf3 b6 3. g3 Bb7 4. Bg2 c5 5. O-O cxd4 6. Nxd4 Bxg2 7. Kxg2 Qc8 8. b3 h5 9. h3 d5 10. Nf3 Nbd7 11. Bb2 e6 12. Nbd2 b5 13. c4 dxc4 14. bxc4 b4 15. Qc2 Be7 16. e4 Nc5 17. e5 Nfd7 18. Rad1 Qb7 19. Kh2 Rc8 20. Rfe1 O-O 21. Nd4 Nb6 22. f4 Nba4 23. Ba1 Rfd8 24. f5 exf5 25. Nxf5 Nc3 26. Bxc3 bxc3 27. Nf3 Ne6 28. Nxe7+ Qxe7 29. Qxc3 Rxd1 30. Rxd1 Qc5 31. Rd2 Qxc4 32. Qxc4 Rxc4 33. Kg2 Ra4 34. Kf2 Kh7 35. Nh4 Ng5 36. Kg2 Ne4 37. Rc2 Ra3 38. Nf5 Nc3 39. Kf3 g5 40. h4 Nxa2+ 41. Ke4 Nc3+ 42. Kd4 Nb5+ 43. Kc4 Rf3 44. Kxb5 Rxf5 45. Rc5 Kg6 46. Kc6 g4 47. Kd6 Rf3 48. e6 fxe6 49. Ke7 Rf5 50. Rc6 Rf7+ 51. Kd6 Rf3 52. Rc5 Rxg3 53. Re5 Rh3 54. Rg5+ Kf6 55. Rxh5 Rd3+ 56. Kc6 Rd5 57. Rh8 Ke5 0-1

[Event "7th Summer Cup 2024"]
[Site "Rhodes"]
[Date "2024.06.23"]
[Round "2.7"]
[White "Ladopoulos, Dimitrios"]
[Black "Grapsa, Georgia"]
[Result "1-0"]
[ECO "A48"]
[WhiteElo "2374"]
[BlackElo "1979"]
[Annotator "RC"]
[PlyCount "33"]
[EventDate "2024.06.22"]
[EventType "swiss"]
[EventCountry "GRE"]
[SourceTitle "playchess.com"]
[Source "ChessBase"]
[SourceQuality "1"]
[TimeControl "15/5400+30:1800+30"]

1. d4 Nf6 2. Nf3 b6 3. Bg5 Ne4 4. Bh4 g6 5. e3 Bg7 6. Bd3 Bb7 7. c4 O-O 8. O-O d6 9. Bxe4 Bxe4 10. Nc3 Bb7 11. e4 Nd7 12. Re1 c5 13. Nd5 Re8 14. e5 dxe5 15. dxe5 Nf8 16. Nxe7+ Kh8 17. Nxg6+ 1-0

[Event "7th Summer Cup 2024"]
[Site "Rhodes"]
[Date "2024.06.23"]
[Round "2.8"]
[White "Witczak, Borys"]
[Black "Mostbauer, Florian"]
[Result "0-1"]
[ECO "D32"]
[WhiteElo "1937"]
[BlackElo "2324"]
[Annotator "RC"]
[PlyCount "48"]
[EventDate "2024.06.22"]
[EventType "swiss"]
[EventCountry "GRE"]
[SourceTitle "playchess.com"]
[Source "ChessBase"]
[SourceQuality "1"]
[TimeControl "15/5400+30:1800+30"]

1. d4 d5 2. c4 e6 3. Nc3 c5 4. Nf3 Nc6 5. cxd5 exd5 6. dxc5 d4 7. Na4 Bxc5 8. Nxc5 Qa5+ 9. Bd2 Qxc5 10. Rc1 Qb6 11. e3 Nf6 12. exd4 Qxb2 13. d5 Nxd5 14. Rc2 Qa3 15. Bc4 Qe7+ 16. Kf1 Be6 17. Ng5 Rd8 18. Nxe6 Qxe6 19. Qb1 O-O 20. Qxb7 Qe4 21. Rc1 Ne5 22. Qb3 Nb6 23. Ba6 Rxd2 24. Qc3 Qf4 0-1